 Dungeon Crawl Stone Soup version 0.26.0-10-g1f06aea511 (webtiles) character file.

Game seed: 14217762100055670717

19 sanka the Sneak (level 2, 0/24 HPs)
             Began as a Barachi Brigand on Jan 17, 2021.
             Slain by a bat (1 damage)
             ... on level 1 of the Dungeon.
             The game lasted 00:00:58 (803 turns).

sanka the Sneak (Barachi Brigand)                    Turns: 803, Time: 00:00:58

Health: 0/24       AC:  3    Str: 12    XL:     2   Next: 75%
Magic:  2/2        EV: 12    Int: 11    God:
Gold:   46         SH:  0    Dex: 13    Spells: 1/1 levels left

rFire    . . .     SeeInvis .   a - +2 dagger
rCold    . . .     Faith    .   (no shield)
rNeg     . . .     Spirit   .   b - +0 robe
rPois    .         Reflect  .   (no helmet)
rElec    .         Harm     .   c - +0 cloak
rCorr    .         Rampage  .   (no gloves)
Will     .....                  (no boots)
Stlth    ++........             (no amulet)
HPRegen  0.08/turn              (no ring)
MPRegen  0.08/turn              (no ring)

@: slow
A: +LOS, swims, slowness 1, strong legs 1
a: Hop


You were on level 1 of the Dungeon.
You visited 1 branch of the dungeon, and saw 1 of its levels.

You collected 46 gold pieces.


Innate Abilities, Weirdness & Mutations

You can be seen from farther away. (+LOS)
You can swim through water.
You cover ground slowly.
You can hop short distances.


   Skills:
 + Level 3.4 Fighting
 - Level 2.1 Short Blades
 - Level 2.0 Throwing
 - Level 1.1 Dodging
 - Level 4.0 Stealth


You had one spell level left.
You didn't know any spells.
Your spell library was empty.

Inventory:

Hand Weapons
 a - a +2 dagger (weapon)
Missiles
 d - 21 poisoned darts (quivered)
 e - 2 curare-tipped darts {=f}
Armour
 b - a +0 robe (worn)
 c - a +0 cloak (worn)
Scrolls
 f - a scroll of enchant armour {unknown}
 h - 2 scrolls of fear {unknown}
Potions
 g - a potion of magic {unknown}
 i - a potion of resistance {unknown}

Dungeon Overview and Level Annotations

Branches:
Dungeon (1/15)

Altars:

▒.▒.▒.▒.▒▒.▒▒▒▒▒▒...
▒...▒...............
▒▒.▒.▒.▒▒▒▒▒▒▒.▒▒▒...
▒......▒ ▒▒▒▒.▒▒▒▒▒▒
▒......▒..▒▒....)..▒ ▒▒
▒...▒.....▒▒.▒.▒▒▒.▒▒
....▒....▒▒▒▒.▒▒..[▒.....
▒......b....▒▒▒▒▒▒.....
▒▒▒▒▒▒.F.......▒▒▒▒.....
▒.....†.†......▒........
▒.▒▒▒▒.).......▒........
▒...?.....▒........
▒.........▒........
▒.........▒........
▒.........▒........
▒.........▒▒▒▒▒▒▒▒▒
▒▒▒▒▒▒▒▒▒▒▒


You could see a bat.


Message History

The giant cockroach is moderately wounded.
The bat closely misses you. The giant cockroach closely misses you.
You hit the giant cockroach but do no damage.
The giant cockroach is moderately wounded.
The bat barely misses you.
The giant cockroach bites you but does no damage.
You barely miss the giant cockroach.
The giant cockroach is moderately wounded.
The bat hits you but does no damage. The giant cockroach barely misses you.
You hit the giant cockroach but do no damage.
The giant cockroach is moderately wounded.
The bat hits you.
* * * LOW HITPOINT WARNING * * *
The giant cockroach closely misses you.
You hit the giant cockroach.
The giant cockroach is almost dead.
The giant cockroach barely misses you. The bat barely misses you.
You hit the giant cockroach.
You kill the giant cockroach!
The bat hits you but does no damage.
You miss the bat. The bat closely misses you. The bat closely misses you.
The bat hits you but does no damage.
You closely miss the bat. The bat hits you.
You die...

Action                   || total
-------------------------++-------
Melee: Dagger            ||    70
 Stab: Sleeping          ||     3
Armor: Robe              ||    15
Dodge: Dodged            ||    49

Levels and vault maps discovered:
D:1:      saegor_arrival_simple_a, layout_basic

Notes
Turn   | Place    | Note
-------+----------+-------------------------------------------
     0 | D:1      | sanka the Barachi Brigand began the quest for the Orb.
     0 | D:1      | Reached XP level 1. HP: 17/17 MP: 1/1
   451 | D:1      | Reached XP level 2. HP: 23/23 MP: 2/2
   490 | D:1      | Reached skill level 4 in Stealth
   652 | D:1      | Reached skill level 3 in Fighting
   791 | D:1      | HP: 1/24 [hobgoblin/+0 club (5)]
   798 | D:1      | HP: 1/24 [bat (1)]
   803 | D:1      | Slain by a bat

Vanquished Creatures
  2 bats (D:1)
  4 giant cockroaches (D:1)
  A goblin (D:1)
  5 hobgoblins (D:1)
  A kobold (D:1)
  3 rats (D:1)
16 creatures vanquished.

Table legend: (Time is in decaauts)
 A = Elapsed time spent in this place.
 B = Non-inter-level travel time spent in this place.
 C = Inter-level travel time spent in this place.
 D = Time resting spent in this place.
 E = Time spent auto-exploring this place.
 F = Levels seen in this place.
 G = Mean time per level.
                   A        B        C        D        E       F      G
               +--------+--------+--------+--------+--------+-----+--------+
         Total |    847 |    847 |      0 |    412 |    285 |   1 |  847.0 |
       Dungeon |    847 |    847 |      0 |    412 |    285 |   1 |  847.0 |
               +--------+--------+--------+--------+--------+-----+--------+

Top non-repeatable levels by time:
     D:1: 847 daAuts
